 Dungeon Crawl Stone Soup version 0.22.0-34-g4f65f92 (webtiles) character file.

410 Faca the Magician (level 6, -4/44 HPs)
             Began as a Gnoll Wanderer on Aug 23, 2018.
             Killed by divine providence
             ... invoked by an orc priest
              (10 damage)
             ... on level 4 of the Dungeon.
             The game lasted 00:13:35 (5252 turns).

Faca the Magician (Gnoll Wanderer)                  Turns: 5252, Time: 00:13:35

Health: -4/44      AC:  7    Str: 16    XL:     6   Next: 89%
Magic:  16/16      EV: 10    Int: 15    God:
Gold:   152        SH:  4    Dex: 14    Spells: 19/19 levels left

rFire    . . .     SeeInvis .   o - +1 short sword (speed)
rCold    . . .     Gourm    .   i - +0 buckler
rNeg     . . .     Faith    .   n - +0 scale mail
rPois    +         Spirit   .   (no helmet)
rElec    .         Reflect  .   h - +0 cloak {rPois}
rCorr    .         Harm     .   (no gloves)
MR       .....                  (no boots)
Stlth    +.........             (no amulet)
HPRegen  0.14/turn              (no ring)
MPRegen  0.15/turn              (no ring)

@: no status effects
A: distributed training, fangs 1, strong nose
a: no special abilities


You were on level 4 of the Dungeon.
You were not hungry.

You visited 1 branch of the dungeon, and saw 4 of its levels.

You collected 206 gold pieces.
You spent 54 gold pieces at shops.

Inventory:

Hand Weapons
 b - a +2 blowgun
 o - a +1 short sword of speed (weapon)
Missiles
 e - 8 poisoned needles
 q - a curare-tipped needle
Armour
 h - a +0 cloak of poison resistance (worn)
 i - a +0 buckler (worn)
 n - a +0 scale mail (worn)
Scrolls
 c - 2 scrolls of enchant weapon {unknown}
 j - a scroll of noise {unknown}
 k - a scroll of teleportation {unknown}
 l - a scroll of remove curse {unknown}
 m - a scroll of fear {unknown}
 p - a scroll of magic mapping {unknown}
 r - a scroll of blinking {unknown}
Potions
 a - 2 potions of brilliance {unknown}
 d - a potion of haste {unknown}
 g - 2 potions of mutation {unknown}
Comestibles
 f - 4 rations


   Skills:
 + Level 2.1 Fighting
 + Level 2.1 Short Blades
 + Level 2.1 Long Blades
 + Level 2.1 Axes
 + Level 2.1 Maces & Flails
 + Level 2.1 Polearms
 + Level 2.1 Staves
 + Level 2.1 Slings
 + Level 2.1 Bows
 + Level 2.1 Crossbows
 + Level 3.3 Throwing
 + Level 2.1 Armour
 + Level 2.1 Dodging
 + Level 3.2 Stealth
 + Level 2.1 Shields
 + Level 2.1 Unarmed Combat
 + Level 7.4 Spellcasting
 + Level 1.6 Conjurations
 + Level 2.7 Hexes
 + Level 2.7 Charms
 + Level 1.6 Summonings
 + Level 1.6 Necromancy
 + Level 1.6 Translocations
 + Level 1.6 Transmutations
 + Level 2.7 Fire Magic
 + Level 4.1 Ice Magic
 + Level 1.6 Air Magic
 + Level 1.6 Earth Magic
 + Level 1.6 Poison Magic
 + Level 2.3 Invocations
 + Level 2.1 Evocations


You had 19 spell levels left.
You didn't know any spells.
Your spell library contained the following spells:

 Spells                   Type           Power        Failure   Level  Hunger
 Ensorcelled Hibernation  Hex/Ice        ###...       22%         2    None
 Throw Frost              Conj/Ice       ##....       26%         2    None
 Summon Small Mammal      Summ           ##..         30%         1    None
 Call Imp                 Summ           ##......     41%         2    None
 Summon Guardian Golem    Hex/Summ       ##......     56%         3    ##.....
 Call Canine Familiar     Summ           ##......     65%         3    ##.....
 Summon Ice Beast         Ice/Summ       ##......     87%         4    ####...
 Summon Lightning Spire   Summ/Air       ##......     96%         4    ####...


Dungeon Overview and Level Annotations

Branches:
Dungeon (4/15)
 Temple: D:4-7

Altars:
The Shining One

Shops:
D:4 =


Innate Abilities, Weirdness & Mutations

Your experience applies equally to all skills.
You have very sharp teeth.
Your uncanny sense of smell can sniff out nearby items.


Message History

The orc wizard hits you but does no damage. x2
Things that are here:
a club; an orc corpse You hit the orc wizard but do no damage.
The orc wizard casts a spell at you. The puff of flame hits you!
That item cannot be evoked!
You aren't carrying any items that you can evoke.
You hit the orc wizard.
The orc wizard is lightly wounded.
You hit the orc wizard.
The orc wizard is moderately wounded.
The orc wizard gestures at you while chanting.
The puff of frost hits you!
The orc priest mumbles some strange prayers to Beogh against you.
Beogh smites you!
* * * LOW HITPOINT WARNING * * *
The orc priest mumbles some strange prayers to Beogh against you.
Beogh smites you!
You die...

.# ...## ....## #
.....## #.####
.......
#....#####.......
####.@ooo........
####o...##....
##.........
#......... ####
##.........
#..###..........
###.............
###...........
#...........


You could see 2 orc priests, an orc wizard and an orc.

Vanquished Creatures
  A phantom (D:4)
  A hound (D:4)
  Crazy Yiuf (D:3)
  An iguana (D:4)
  2 worker ants (D:4)
  A howler monkey skeleton (D:4)
  7 adders
  2 oozes (D:1)
  A worm (D:3)
  5 dart slugs
  2 leopard geckos
  9 orcs
  A giant cockroach (D:3)
  12 goblins
  10 hobgoblins
  3 jackals
  2 quokkas
  4 ball pythons
  5 bats
  5 frilled lizards
  A jackal skeleton (D:4)
  12 kobolds
  9 rats
97 creatures vanquished.

Notes
Turn   | Place    | Note
-------+----------+-------------------------------------------
     0 | D:1      | Faca the Gnoll Wanderer began the quest for the Orb.
     0 | D:1      | Faca set off with: a curare-tipped needle, a +2 blowgun, a +0 robe, a ration
     0 | D:1      | Reached XP level 1. HP: 13/13 MP: 8/8
   309 | D:1      | Reached XP level 2. HP: 9/19 MP: 10/10
   954 | D:1      | Reached XP level 3. HP: 16/25 MP: 11/11
  1421 | D:2      | Reached skill level 1 in Invocations
  1458 | D:2      | Found a glowing golden altar of the Shining One.
  1854 | D:2      | Reached skill level 1 in Fighting
  1854 | D:2      | Reached skill level 1 in Short Blades
  1854 | D:2      | Reached skill level 1 in Long Blades
  1854 | D:2      | Reached skill level 1 in Axes
  1854 | D:2      | Reached skill level 1 in Maces & Flails
  1854 | D:2      | Reached skill level 1 in Polearms
  1854 | D:2      | Reached skill level 1 in Staves
  1854 | D:2      | Reached skill level 1 in Slings
  1854 | D:2      | Reached skill level 1 in Bows
  1854 | D:2      | Reached skill level 1 in Crossbows
  1854 | D:2      | Reached skill level 1 in Armour
  1854 | D:2      | Reached skill level 1 in Dodging
  1854 | D:2      | Reached skill level 1 in Shields
  1854 | D:2      | Reached skill level 1 in Unarmed Combat
  1854 | D:2      | Reached skill level 1 in Evocations
  1916 | D:2      | Reached XP level 4. HP: 31/32 MP: 13/13
  2518 | D:3      | Reached skill level 1 in Conjurations
  2518 | D:3      | Reached skill level 1 in Summonings
  2518 | D:3      | Reached skill level 1 in Necromancy
  2518 | D:3      | Reached skill level 1 in Translocations
  2518 | D:3      | Reached skill level 1 in Transmutations
  2518 | D:3      | Reached skill level 1 in Air Magic
  2518 | D:3      | Reached skill level 1 in Earth Magic
  2518 | D:3      | Reached skill level 1 in Poison Magic
  2592 | D:3      | Reached XP level 5. HP: 33/37 MP: 14/14
  3409 | D:3      | Found a runed door.
  3600 | D:3      | Noticed Crazy Yiuf
  3614 | D:3      | Killed Crazy Yiuf
  3822 | D:4      | Reached XP level 6. HP: 35/44 MP: 16/16
  4005 | D:4      | Noticed a phantom
  4678 | D:4      | Found Tubrulo's Jewellery Emporium.
  4682 | D:4      | Bought a cursed ring of teleportation for 54 gold pieces
  4892 | D:4      | Killed a phantom
  5252 | D:4      | Killed from afar by an orc priest

Skill      XL: |  1  2  3  4  5  6 |
---------------+-------------------+-----
Hexes          | 2 |  2.7
Charms         | 2 |  2.7
Fire Magic     | 2 |  2.7
Invocations    | 1 2 |  2.3
Fighting       | 1 2 |  2.1
Short Blades   | 1 2 |  2.1
Long Blades    | 1 2 |  2.1
Axes           | 1 2 |  2.1
Maces & Flails | 1 2 |  2.1
Polearms       | 1 2 |  2.1
Staves         | 1 2 |  2.1
Slings         | 1 2 |  2.1
Bows           | 1 2 |  2.1
Crossbows      | 1 2 |  2.1
Armour         | 1 2 |  2.1
Dodging        | 1 2 |  2.1
Shields        | 1 2 |  2.1
Unarmed Combat | 1 2 |  2.1
Evocations     | 1 2 |  2.1
Conjurations   | 1 |  1.6
Summonings     | 1 |  1.6
Necromancy     | 1 |  1.6
Translocations | 1 |  1.6
Transmutations | 1 |  1.6
Air Magic      | 1 |  1.6
Earth Magic    | 1 |  1.6
Poison Magic   | 1 |  1.6
Throwing       | 3 |  3.3
Ice Magic      | 4 |  4.1
Stealth        | 3 |  3.2
Spellcasting   | |  7.4

Action                   |  1- 3 |  4- 6 || total
-------------------------+-------+-------++-------
Melee: Unarmed           |    12 |       ||    12
       Short sword       |   139 |   337 ||   476
       Bite              |    11 |    41 ||    52
 Fire: Blowgun           |       |     2 ||     2
 Stab: Sleeping          |     4 |     2 ||     6
  Eat: Chunk             |     2 |     4 ||     6
       Ration            |     1 |     2 ||     3
Armor: Robe              |     2 |       ||     2
       Ring mail         |    46 |    41 ||    87
       Scale mail        |       |    36 ||    36
Dodge: Dodged            |    64 |   103 ||   167
Block: Buckler           |       |    33 ||    33
